 Dungeon Crawl Stone Soup version 0.28-a0-653-g7e9dba17c3 (webtiles) character file.

Game seed: 4031736818690434126

65 jasper the Chopper (level 4, -3/35 HPs)
             Began as a Formicid Fighter on Oct 11, 2021.
             Shot with a stone by a goblin (5 damage)
             ... on level 2 of the Dungeon.
             The game lasted 00:02:17 (1344 turns).

jasper the Chopper (Formicid Fighter)               Turns: 1344, Time: 00:02:17

Health: -3/35      AC:  6    Str: 21    XL:     4   Next: 34%
Magic:  4/4        EV:  9    Int:  8    God:
Gold:   64         SH:  4    Dex: 10    Spells: 3/3 levels left

rFire   . . .      SeeInvis +   a - +0 war axe
rCold   . . .      Faith    .   c - +0 buckler
rNeg    . . .      Spirit   .   b - +0 scale mail
rPois   .          Reflect  .   (helmet unavailable)
rElec   .          Harm     .   (no cloak)
rCorr   .          Rampage  .   (no gloves)
Will    .....                   (no boots)
Stlth   ..........              (no amulet)
HPRegen 0.11/turn               (no ring)
MPRegen 0.09/turn               (no ring)

@: mighty
A: permanent stasis, dig shafts and tunnels, antennae 3, four strong arms
a: Dig, Shaft Self


You were on level 2 of the Dungeon.
You visited 1 branch of the dungeon, and saw 2 of its levels.

You collected 64 gold pieces.

Inventory:

Hand Weapons
 a - a +0 war axe (weapon)
Missiles
 g - 20 stones (quivered)
Armour
 b - a +0 scale mail (worn)
 c - a +0 buckler (worn)
Scrolls
 f - 2 scrolls of identify
Potions
 i - a potion of mutation


   Skills:
 - Level 3.2 Fighting
 + Level 4.3 Axes
 - Level 3.2 Armour
 - Level 3.6 Shields


You had 3 spell levels left.
You didn't know any spells.
Your spell library was empty.

Dungeon Overview and Level Annotations

Branches:
Dungeon (2/15)

Altars:


Innate Abilities, Weirdness & Mutations

You cannot be hasted, slowed, berserked, paralysed or teleported.
You can dig through walls and to a lower floor.
You have a pair of large antennae on your head. (SInv)
Your four strong arms can wield two-handed weapons with a shield.


Message History

Throw: 21 stones
Press: ? - help, Q - select action, (/) - cycle Shift-Dir - straight line, f - gnoll
Aim: a gnoll, wielding a +0 halberd (60% to hit)
You throw a stone.
The stone hits the gnoll but does no damage.
A gnoll comes into view. It is wielding a +0 flail.
The gnoll shouts!
You feel very mighty all of a sudden.
The gnoll hits you from afar with a +0 halberd!
You take 7 damage, and have 22/29 hp.
MASSIVE DAMAGE!!
The gnoll hits you with a +0 halberd!
You take 13 damage, and have 9/29 hp.
MASSIVE DAMAGE!!
You hit the gnoll.
The gnoll is lightly wounded.
The gnoll closely misses you.
You slash the gnoll!
You kill the gnoll!
Your Axes skill increases to level 4!
You have reached level 4!
You feel clever.
You regained 2 hp, and now have 11/35 hp.
MP restored: 4 You barely miss the gnoll.
A gnoll comes into view. It is wielding a +0 whip.
The gnoll barely misses you.
The gnoll shouts!
You hit the gnoll.
The gnoll is moderately wounded.
The gnoll hits you with a +0 flail!
* * * LOW HITPOINT WARNING * * *
You take 9 damage, and have 2/35 hp.
MASSIVE DAMAGE!!
You slash the gnoll!
You kill the gnoll!
A goblin comes into view. It is wielding a +0 dagger.
The goblin unwields a +0 dagger.
The goblin wields a +0 hunting sling.
The goblin shoots a stone.
You block the stone.
Things that are here:
a +0 flail; a gnoll corpse The goblin shoots a stone.
The stone hits you.
You die...

#.......# ..
#........ .>.
.....(..# ##..#.
........##.....
..(..(......#
.(.#g).....#
#(##......#
#.(#)(....#
#####...@....#
..g..........#..
##....##........
#..#.#........#
#....<.#......#
#....#........#
#........##..#.?#
#...#...## ..#..#
... ..## ......


You could see a gnoll and a goblin.

Vanquished Creatures
  3 gnolls
  A worm (D:2)
  5 bats (D:1)
  3 endoplasms
  2 giant cockroaches (D:1)
  A goblin (D:1)
  4 hobgoblins (D:1)
  2 jackals (D:1)
  A quokka (D:1)
  4 ball pythons (D:1)
  2 frilled lizards (D:1)
  3 kobolds (D:1)
  3 rats
34 creatures vanquished.

Notes
Turn   | Place    | Note
-------+----------+-------------------------------------------
     0 | D:1      | jasper the Formicid Fighter began the quest for the Orb.
     0 | D:1      | Reached XP level 1. HP: 18/18 MP: 1/1
   166 | D:1      | Reached XP level 2. HP: 24/24 MP: 2/2
   244 | D:1      | Reached skill level 3 in Axes
   318 | D:1      | Found a faded altar of an unknown god.
   503 | D:1      | Reached XP level 3. HP: 25/29 MP: 3/3
  1340 | D:2      | Reached skill level 4 in Axes
  1340 | D:2      | Reached XP level 4. HP: 11/35 MP: 4/4
  1344 | D:2      | Shot with a stone by a goblin

Illustrated notes

Levels and vault maps discovered:
D:1:      sevenhm_arrival_forest_fort_small_5, layout_rooms, serial_forest,
          infiniplex_forest_lined_room_3, infiniplex_forest_straight_4,
          infiniplex_forest_fountain, infiniplex_forest_clump_tiny,
          infiniplex_forest_end_3, basic_ecumenical_altar
D:2:      layout_rooms

Skill      XL: |  1  2  3 |
---------------+----------+-----
Axes           | 3 4 |  4.3
Fighting       | |  3.2
Armour         | |  3.2
Shields        | |  3.6

Action                   |  1- 3 |  4- 6 || total
-------------------------+-------+-------++-------
Melee: War axe           |    89 |     3 ||    92
Throw: Stone             |    39 |       ||    39
 Abil: Dig               |     1 |       ||     1
  Use: Scroll            |     3 |       ||     3
       Potion            |     1 |       ||     1
Armor: Scale mail        |    50 |       ||    50
Dodge: Dodged            |    51 |     1 ||    52
Block: Buckler           |    25 |     1 ||    26

Table legend: (Time is in decaauts)
 A = Elapsed time spent in this place.
 B = Non-inter-level travel time spent in this place.
 C = Inter-level travel time spent in this place.
 D = Time resting spent in this place.
 E = Time spent auto-exploring this place.
 F = Levels seen in this place.
 G = Mean time per level.
                   A        B        C        D        E       F      G
               +--------+--------+--------+--------+--------+-----+--------+
         Total |   1389 |   1367 |     22 |    403 |    674 |   2 |  694.5 |
       Dungeon |   1389 |   1367 |     22 |    403 |    674 |   2 |  694.5 |
               +--------+--------+--------+--------+--------+-----+--------+

Top non-repeatable levels by time:
     D:1: 1341 daAuts
     D:2: 48 daAuts
